 Dungeon Crawl Stone Soup version 0.26.1-2-gb8aa6d0cf2 (webtiles) character file.

Game seed: 9597112430473385542

1535 Elvor the Basher (level 8, -1/49 HPs)
             Began as a Gargoyle Fighter on Feb 23, 2021.
             Slain by a centaur (5 damage)
             ... on level 7 of the Dungeon.
             The game lasted 00:48:25 (5030 turns).

Elvor the Basher (Gargoyle Fighter)                 Turns: 5030, Time: 00:48:26

Health: -1/49      AC: 17    Str: 21    XL:     8   Next: 86%
Magic:  0/8        EV:  6    Int: 10    God:
Gold:   524        SH: 10    Dex:  9    Spells: 7/7 levels left

rFire    + . .     SeeInvis .   H - +2 flail (drain)
rCold    x . .     Faith    .   c - +0 kite shield
rNeg     + . .     Spirit   +   f - +0 chain mail
rPois    ∞         Reflect  .   (no helmet)
rElec    +         Harm     .   l - +0 cloak
rCorr    .         Rampage  .   z - +0 pair of gloves
Will     .....                  (no boots)
Stlth    ..........             y - amulet of guardian spirit
HPRegen  0.16/turn              r - ring of flight
MPRegen  0.11/turn              E - ring of fire

@: no status effects
A: negative energy resistance 1, electricity resistance, unbreathing,
petrification resistance, miasma immunity, AC +5
a: Evoke Flight


You were on level 7 of the Dungeon.
You visited 2 branches of the dungeon, and saw 8 of its levels.
You also visited: Sewer.

You collected 524 gold pieces.

Inventory:

Hand Weapons
 G - a +0 hunting sling
 H - a +2 flail of draining (weapon)
 J - a +2 mace of holy wrath
Missiles
 b - 77 sling bullets
 h - 183 stones (quivered)
 D - 4 javelins
 K - 15 poisoned darts
Armour
 c - a +0 kite shield (worn)
 e - a scarf of invisibility
 f - a +0 chain mail (worn)
 l - a +0 cloak (worn)
 z - a +0 pair of gloves (worn)
Jewellery
 d - an uncursed ring of fire
 r - a ring of flight (left hand)
 u - an uncursed amulet of faith
 y - an amulet of guardian spirit (around neck)
 E - a ring of fire (right hand)
Scrolls
 a - a scroll of enchant weapon {unknown}
 g - 6 scrolls of teleportation
 j - a scroll of fog {unknown}
 k - a scroll of immolation {unknown}
 n - a scroll of magic mapping {unknown}
 p - a scroll of random uselessness {unknown}
 q - 2 scrolls of remove curse
 v - a scroll of torment {unknown}
 x - a scroll of enchant armour {unknown}
 C - 2 scrolls of amnesia
Potions
 i - a potion of mutation
 m - 2 potions of haste
 o - 2 potions of curing
 s - 2 potions of resistance
 t - a potion of cancellation {unknown}
 w - a potion of berserk rage {unknown}
 A - a potion of lignification {unknown}
 B - 2 potions of flight {unknown}
 F - a potion of degeneration {unknown}
 I - 3 potions of magic {unknown}


   Skills:
 + Level 5.1 Fighting
 * Level 8.3 Maces & Flails
 + Level 0.6(1.1) Slings
 + Level 1.2(1.3) Throwing
 + Level 4.9 Armour
 + Level 1.0 Dodging
 + Level 1.1 Stealth
 + Level 5.4 Shields
 + Level 0.6 Evocations


You had 7 spell levels left.
You didn't know any spells.
Your spell library was empty.

Dungeon Overview and Level Annotations

Branches:
Dungeon (7/15)             Temple (1/1) D:4           Sewer (visited)

Altars:
Ashenzari
Cheibriados
Dithmenos
Elyvilon
Gozag
Makhleb
Nemelex Xobeh
Qazlal
Trog
Vehumet
Wu Jian
Xom
Yredelemnul
Zin
The Shining One


Innate Abilities, Weirdness & Mutations

You are resistant to torment.
Your stone body is resilient. (AC +5)
You are immune to poison.
You resist negative energy. (rN+)
You are resistant to electric shocks. (rElec)
You can survive without breathing.
You are immune to petrification.
You are immune to miasma.


Message History

You block the killer bee's attack.
The killer bee stings you but does no damage. x2
The killer bee stings you.
* * * LOW HITPOINT WARNING * * *
The killer bee stings you but does no damage.
The centaur closely misses you. You block the killer bee's attack. x2
The killer bee stings you.
* * * LOW HITPOINT WARNING * * *
The killer bee barely misses you.
You barely miss the killer bee.
The killer bee is heavily wounded.
The killer bee stings you.
* * * LOW HITPOINT WARNING * * *
The killer bee stings you but does no damage.
You block the killer bee's attack.
The killer bee stings you but does no damage.
The killer bee stings you.
* * * LOW HITPOINT WARNING * * *
You block the killer bee's attack. The centaur hits you.
You die...

############
#..........#
#..........#
#. #.
#..........#
#. ..
#..........#
#o. .#
#.....cy...#
#... .#
#..(..y@y..#
##..o###.#
####..yyy###
#.........
#....Z..#
...Z.....#
#........#
#(..o.<#
#.......o#
...(....#
......§...o.
.#......#
#.##..........
#......# #.
.....:.#..#.
#......#
#..........?
#....###


You could see a centaur, 6 killer bees, an orc priest, an orc and a hound
zombie.

Vanquished Creatures
  The ghost of kalagan the Conjurer, a novice DECj (D:5)
  Eustachio (D:4)
  A black bear (D:6)
  Purgy (Sewer)
  2 ogres
  Blork the orc (D:4)
  A bullfrog (D:6)
  A howler monkey (D:5)
  A hound (D:4)
  4 orc priests
  A bullfrog skeleton (D:4)
  2 orc wizards (D:6)
  2 worker ants
  Jessica (D:2)
  An iguana (D:4)
  A bullfrog simulacrum (D:5)
  A worker ant zombie (D:5)
  3 adders
  2 hound simulacra (D:5)
  A shadow imp (D:5)
  2 white imps (D:5)
  A worker ant simulacrum (D:5)
  An ufetubus (D:6)
  An ooze (D:3)
  An adder zombie (D:5)
  A worm (D:3)
  2 adder simulacra (D:5)
  A dart slug (D:4)
  3 leopard geckos
  22 orcs
  7 giant cockroaches
  2 goblins (D:3)
  9 hobgoblins
  8 jackals
  2 quokkas
  6 ball pythons
  16 bats
  9 frilled lizards
  8 kobolds
  A leopard gecko skeleton (D:6)
  A quokka skeleton (D:5)
  6 rats
139 creatures vanquished.

Notes
Turn   | Place    | Note
-------+----------+-------------------------------------------
     0 | D:1      | Elvor the Gargoyle Fighter began the quest for the Orb.
     0 | D:1      | Reached XP level 1. HP: 14/14 MP: 1/1
    98 | D:1      | Reached XP level 2. HP: 17/19 MP: 2/2
   578 | D:1      | Reached XP level 3. HP: 23/23 MP: 3/3
   900 | D:2      | Found a faded altar of an unknown god.
  1137 | D:2      | Noticed Jessica
  1153 | D:2      | Killed Jessica
  1154 | D:2      | Reached skill level 3 in Maces & Flails
  1154 | D:2      | Reached XP level 4. HP: 24/28 MP: 4/4
  1630 | D:3      | Found a glowing drain.
  1658 | Sewer    | Entered a sewer
  1710 | Sewer    | Noticed Purgy
  1715 | Sewer    | Killed Purgy
  1716 | Sewer    | Reached skill level 4 in Maces & Flails
  1716 | Sewer    | Reached XP level 5. HP: 26/33 MP: 5/5
  2263 | D:3      | Reached XP level 6. HP: 31/38 MP: 6/6
  2653 | D:4      | Noticed Eustachio
  2658 | D:4      | Killed Eustachio
  2659 | D:4      | Reached skill level 5 in Maces & Flails
  2659 | D:4      | Reached XP level 7. HP: 43/43 MP: 7/7
  2673 | D:4      | Found a burning altar of Makhleb.
  2934 | D:4      | Noticed Blork the orc
  2937 | D:4      | Killed Blork the orc
  3030 | D:4      | Found a staircase to the Ecumenical Temple.
  3041 | Temple   | Entered the Ecumenical Temple
  3844 | D:5      | Entered Level 5 of the Dungeon
  3854 | D:5      | Reached skill level 1 in Stealth
  3973 | D:5      | Found a white marble altar of Elyvilon.
  4037 | D:5      | Reached skill level 6 in Maces & Flails
  4114 | D:5      | Found a runed translucent gate.
  4114 | D:5      | Found a runed translucent gate.
  4114 | D:5      | Found a runed translucent gate.
  4199 | D:5      | Noticed kalagan's ghost (novice DECj)
  4323 | D:5      | Reached skill level 5 in Shields
  4323 | D:5      | Reached XP level 8. HP: 39/48 MP: 8/8
  4428 | D:5      | Killed kalagan's ghost
  4429 | D:5      | Reached skill level 7 in Maces & Flails
  4429 | D:5      | Reached skill level 1 in Throwing
  4603 | D:6      | Reached skill level 8 in Maces & Flails
  4665 | D:6      | Reached skill level 5 in Fighting
  4985 | D:6      | Reached skill level 1 in Dodging
  5030 | D:7      | Slain by a centaur

Illustrated notes

Levels and vault maps discovered:
D:1:      mrwooster_arrival_arrow, layout_loops_cross, st_stairs_2
D:2:      layout_loops_ring, chequers_ecumenical_altar_grove, uniq_jessica
D:3:      layout_loops_cross, cheibrodos_sewer_entry_sluice, grunt_ministairs_7,
          chequers_mini_garden
D:4:      layout_basic, minmay_temple_entry_ruins, st_stairs_11,
          kennysheep_another_room, makhleb_heckhound_becter, uniq_eustachio,
          uniq_blork_the_orc
D:5:      layout_cave_pools, elyvilon_altar_3, gammafunk_ghost_icy,
          chequers_serial_rivers_micro_e
D:6:      layout_rooms, dk_noncrumbling_4, kennysheep_generic_room_9
D:7:      layout_rooms, uniq_crazy_yiuf_cottage
Temple:   oiseaux_autumnal_temple

Skill      XL: |  1  2  3  4  5  6  7  8 |
---------------+-------------------------+-----
Shields        | 4 5 |  5.4
Maces & Flails | 3 4 5 6 8 |  8.3
Armour         | 4 |  4.9
Fighting       | 4 5 |  5.1
Stealth        | 1 |  1.1
Throwing       | 1 |  1.2
Dodging        | 1 |  1.0
Slings         | |  0.6
Evocations     | |  0.6

Action                   |  1- 3 |  4- 6 |  7- 9 || total
-------------------------+-------+-------+-------++-------
Melee: Flail             |   176 |   152 |   214 ||   542
 Fire: Hunting sling     |       |     2 |     2 ||     4
Throw: Stone             |       |    13 |    45 ||    58
Evoke: Wand              |       |    10 |     3 ||    13
  Use: Scroll            |       |     5 |     3 ||     8
       Potion            |       |       |     1 ||     1
Armor: Chain mail        |   132 |   118 |   147 ||   397
       Scale mail        |     5 |       |       ||     5
Dodge: Dodged            |    60 |    40 |    61 ||   161
Block: Kite shield       |   118 |    98 |   116 ||   332
